 Dungeon Crawl Stone Soup version 0.30-a0-509-gd016549fea (webtiles) character file.

Game seed: 16385214045596106781

3995 xzight the Fighter (level 10, -2/111 HPs)
             Began as an Ogre Fire Elementalist on Dec 22, 2022.
             Was a Believer of Ashenzari.
             Slain by a troll (7 damage)
             ... on level 8 of the Dungeon.
             The game lasted 00:37:19 (11060 turns).

xzight the Fighter (Ogre Fire Elementalist)        Turns: 11060, Time: 00:37:19

Health: -2/111     AC:  7    Str: 14    XL:     10   Next: 23%
Magic:  16/20      EV: 13    Int: 20    God:    Ashenzari [**....]
Gold:   279        SH:  0    Dex:  9    Spells: 9/22 levels left

rFire   + . .      SeeInvis +    e - staff of fire {!a}
rCold   . . .      Faith    .    (no shield)
rNeg    . . .      Spirit   .    l - +0 robe "I Knew You'd Do That" {Alch, Bglg} (curse)
rPois   .          Reflect  .    (helmet restricted)
rElec   .          Harm     .    (no cloak)
rCorr   .          Rampage  .    (gloves unavailable)
Will    +....                    (boots unavailable)
Stlth   +.........               (no amulet)
HPRegen 0.38/turn                T - ring "Elysian Monotheism" {AC+4, Evo, Alch} (curse)
MPRegen 0.17/turn                E - ring of the Fated Burden {EV+4, Elem, Bglg} (curse)

@: no status effects
A: large, unfitting armour, tough skin 1
a: Renounce Religion, Shatter the Chains


You were on level 8 of the Dungeon.
You worshipped Ashenzari.
Ashenzari was pleased with you.
You visited 1 branch of the dungeon, and saw 8 of its levels.
You also visited: Bailey.

You collected 334 gold pieces.
You spent 55 gold pieces at shops.


Innate Abilities, Weirdness & Mutations

You are too large for most types of armour.
You have tough skin. (AC +1)


   Skills:
 * Level 10.9 Fighting
 - Level 1.7 Dodging
 - Level 1.4 Stealth
 + Level 6.8 Spellcasting
 + Level 5.3(7.2) Conjurations
 * Level 8.2(9.5) Fire Magic


You had 9 spell levels left.
You knew the following spells:

 Your Spells              Type           Power      Damage    Failure   Level
a - Foxfire               Conj/Fire      100%       2x1d9     1%          1
b - Scorch                Fire           100%       2d10      1%          2
c - Iskenderun's Mystic   Conj/Tloc      21%        2d6       21%         4
d - Starburst             Conj/Fire      28%        6d9       43%         6

Your spell library contained the following spells:

 Spells                   Type           Power      Damage    Failure   Level
 Shock                    Conj/Air       84%        1d8       2%          1
 Flame Wave               Conj/Fire      57%        2d14      3%          4
 Inner Flame              Hex/Fire       39%        N/A       4%          3
 Dazzling Flash           Conj/Hex       42%        N/A       6%          3
 Kindle Blastsparks       Fire/Tloc/Air  60%        2d15      8%          3
 Swiftness                Air            7%         N/A       26%         3
 Lightning Bolt           Conj/Air       10%        1d23      52%         5
 Airstrike                Air            3%         2d(1-17)  65%         4
 Summon Lightning Spire   Summ/Air       7%         N/A       67%         4

Inventory:

Armour
 l - the cursed +0 robe "I Knew You'd Do That" (worn) {Alch, Bglg}
   (You took it off an orc wizard on level 6 of the Dungeon)

   It has a curse which improves the following skills: Alchemy: Poison Magic and
   Transmutations.
   Beguiling: Conjurations, Hexes and Translocations.
Magical Staves
 e - a staff of fire (weapon) {!a}
Jewellery
 E - the cursed ring of the Fated Burden (right hand) {EV+4, Elem, Bglg}
   (You found it on level 1 of the Dungeon)

   [ring of evasion]

   EV:        It affects your evasion (+4).
   It has a curse which improves the following skills: Elements: Fire Magic, Ice
   Magic, Air Magic and Earth Magic.
   Beguiling: Conjurations, Hexes and Translocations.
 P - a ring of poison resistance
 T - the cursed ring "Elysian Monotheism" (left hand) {AC+4, Evo, Alch}
   (You found it on level 5 of the Dungeon)

   [ring of protection]

   AC:        It affects your AC (+4).
   It has a curse which improves the following skills: Evocations: Evocations.
   Alchemy:   Poison Magic and Transmutations.
 W - a ring of willpower
Wands
 v - a wand of roots (1)
Scrolls
 f - a scroll of teleportation {@r2}
 g - 3 scrolls of amnesia
 k - a scroll of fog
Potions
 a - a potion of curing {@q1}
 d - a potion of cancellation
 h - a potion of berserk rage {!q}
 i - 3 potions of brilliance
 j - 3 potions of flight
 m - a potion of attraction
 q - a potion of invisibility

Dungeon Overview and Level Annotations

Branches:
Dungeon (8/15)             Temple (0/1) D:6          Bailey (visited)
   Lair: D:8-11

Altars:
Ashenzari
Uskayaw
Vehumet
Yredelemnul

Shops:
D:3 ?   D:4 *

Annotations:
D:8 3 runed translucent doors, lotum's ghost, novice FoFi

#.# #.# #.# #.###*
#.###.###.# ##... , ,
#.........# ##...## *
#####.########.....##
#...####...#<....
#.#......#.#<..#
#...####...#...# *
##### ##..!...#
####@†## * #YT# ,*
###Y.##.# #.......#
*#.##.#### *#..##.# *
* *.......#*
,.PPY....P *
*..PY.P....P,


You could see 2 yaks and a troll.


Message History

The yak attacks as you move away! The yak completely misses you.
The troll attacks as you move away! The troll barely misses you.
The troll claws you but does no damage. The troll claws you.
* * * LOW HITPOINT WARNING * * *
Okay, then.
You feel much better. The yak gores you but does no damage.
The troll bites you!
* * * LOW HITPOINT WARNING * * *
The troll misses you. The troll claws you but does no damage.
Magic courses through your body. The yak gores you but does no damage.
The troll barely misses you. The troll misses you. x2
Casting: Foxfire (safe; 1% risk of failure)
Confirm with . or Enter, or press ? or * to list all spells.
You feel a surge of power!
Flames lash the troll but do no damage.
You hear a bellow! x2; You hear an angry growl.
The yak gores you.
* * * LOW HITPOINT WARNING * * *
The troll bites you!
* * * LOW HITPOINT WARNING * * *
The troll misses you. x2
Casting: Scorch (safe; 1% risk of failure)
Confirm with . or Enter, or press ? or * to list all spells.
You feel a surge of power!
Flames lash the yak.
The yak is lightly wounded.
The yak's fire resistance burns away.
The troll is no longer more vulnerable to fire.
The yak gores you!
* * * LOW HITPOINT WARNING * * *
The troll bites you!
You die...

Skill      XL: |  1  2  3  4  5  6  7  8  9 10 |
---------------+-------------------------------+-----
Conjurations   | 1 2 3 4 5 |  5.3
Fighting       | 1 2 3 4 5 6 8 10 | 10.9
Fire Magic     | 3 4 5 6 7 8 |  8.2
Spellcasting   | 3 4 5 6 |  6.8
Dodging        | |  1.7
Stealth        | |  1.4

Action                   |  1- 3 |  4- 6 |  7- 9 | 10-12 || total
-------------------------+-------+-------+-------+-------++-------
Melee: Staff             |       |       |     5 |       ||     5
 Cast: Foxfire           |   105 |    89 |   275 |    66 ||   535
       Scorch            |     6 |    13 |    51 |    20 ||    90
Invok: Curse Item        |       |       |     3 |     1 ||     4
       Shatter the Chain |       |       |     1 |       ||     1
Evoke: Wand              |       |       |    11 |       ||    11
  Use: Scroll            |     5 |    10 |     1 |     1 ||    17
       Potion            |       |       |     4 |     2 ||     6
Armor: Robe              |     6 |     3 |    78 |    20 ||   107
       Skin              |       |       |    66 |       ||    66
Dodge: Dodged            |    26 |    26 |    96 |    35 ||   183

Levels and vault maps discovered:
D:1:      nicolae_arrival_washed_ashore, layout_basic
D:2:      layout_rooms
D:3:      layout_loops_ring, mainiacjoe_overflow_boulevard, vehumet_crystals,
          serial_shops, nicolae_shop_hallway_stairs
D:4:      layout_rooms, lemuel_tele_altar, serial_shops, shop,
          serial_co_window_serial, co_window_corner_a, co_window_paths_b,
          co_window_corner_a, co_window_paths_a, co_window_corner_a,
          co_window_paths_a, co_window_paths_a, co_window_broadway_b,
          co_window_broadway_b, co_window_broadway_b, co_window_cross_4,
          co_window_corner_b, co_window_paths_e, chequers_serial_rivers_room_b,
          uniq_blork_the_orc
D:5:      layout_gridville, uniq_duvessa, uniq_pikel, uniq_ijyb
D:6:      layout_loops_cross, minmay_temple_entry_gardened_gates,
          serial_demonic, serial_demonic_d, serial_demonic_b, serial_demonic_c,
          serial_demonic_e, serial_demonic_f
D:7:      layout_rooms, nicolae_elevator_lobby_asterisk
D:8:      layout_loops_corners, eat_drink_and_be_merry_uskayaw, zin_angel,
          grunt_lair_entry_orc_guard_hut, enter_bailey_5,
          gammafunk_ghost_spectres

Notes
Turn   | Place    | Note
-------+----------+-------------------------------------------
     0 | D:1      | xzight the Ogre Fire Elementalist began the quest for the
                  | Orb.
     0 | D:1      | Reached XP level 1. HP: 16/16 MP: 3/3
   163 | D:1      | Reached skill level 1 in Conjurations
   212 | D:1      | Reached skill level 1 in Fighting
   216 | D:1      | Reached XP level 2. HP: 27/27 MP: 0/5
   442 | D:1      | Reached skill level 3 in Fire Magic
  1076 | D:1      | Learned a level 2 spell: Scorch
  1454 | D:1      | Reached XP level 3. HP: 35/35 MP: 0/7
  1715 | D:2      | Reached skill level 2 in Fighting
  2159 | D:3      | Found Hoxusaog's Magic Scroll Emporium.
  2163 | D:3      | Bought a scroll of identify for 22 gold pieces
  2163 | D:3      | Bought a scroll of teleportation for 33 gold pieces
  2560 | D:3      | Found a basalt altar of Yredelemnul.
  2672 | D:3      | Found a radiant altar of Vehumet.
  2733 | D:3      | Reached XP level 4. HP: 41/44 MP: 3/8
  2880 | D:3      | Reached skill level 3 in Spellcasting
  2922 | D:3      | Reached skill level 3 in Fighting
  3342 | D:4      | Noticed an ogre
  3490 | D:4      | Reached XP level 5. HP: 37/53 MP: 4/9
  3637 | D:4      | Found Mestuinn's General Store.
  3651 | D:4      | Identified the +0 leather armour of Lownyido {Will- rCorr
                  | Str+8 Int+6}
  4420 | D:4      | Reached skill level 2 in Conjurations
  4499 | D:4      | Noticed Blork the orc
  4604 | D:4      | Killed an ogre
  4605 | D:4      | Reached skill level 4 in Fighting
  4605 | D:4      | Reached skill level 4 in Fire Magic
  4605 | D:4      | Reached XP level 6. HP: 63/63 MP: 3/11
  4697 | D:4      | Killed Blork the orc
  4860 | D:4      | Found a broken altar of Ashenzari.
  4964 | D:4      | Became a worshipper of Ashenzari the Shackled
  4983 | D:5      | Entered Level 5 of the Dungeon
  4987 | D:5      | Noticed Ijyb
  4996 | D:5      | Killed Ijyb
  5112 | D:5      | Noticed an ice beast
  5226 | D:5      | Reached skill level 5 in Fighting
  5226 | D:5      | Reached XP level 7. HP: 72/72 MP: 6/12
  5398 | D:5      | Noticed Pikel
  5405 | D:5      | Reached skill level 4 in Spellcasting
  5551 | D:5      | Reached skill level 5 in Fire Magic
  5606 | D:5      | Noticed Duvessa
  5606 | D:5      | Noticed Dowan
  5633 | D:5      | Killed Dowan
  5634 | D:5      | Reached skill level 6 in Fighting
  5634 | D:5      | Reached skill level 3 in Conjurations
  5641 | D:5      | Killed Duvessa
  5642 | D:5      | Reached XP level 8. HP: 45/84 MP: 1/14
  5654 | D:5      | Identified the cursed +0 robe of Ashenzari's Blue Moon
                  | {Melee, Cun}
  6021 | D:5      | Reached skill level 7 in Fighting
  6206 | D:5      | Killed Pikel
  6207 | D:5      | Reached skill level 8 in Fighting
  6207 | D:5      | Reached skill level 5 in Spellcasting
  6207 | D:5      | Reached skill level 6 in Fire Magic
  6519 | D:5      | Reached skill level 4 in Conjurations
  6935 | D:5      | Reached * piety under Ashenzari
  7402 | D:6      | Reached XP level 9. HP: 97/97 MP: 7/17
  8074 | D:6      | Found a staircase to the Ecumenical Temple.
  8108 | D:6      | Reached skill level 9 in Fighting
  8317 | D:6      | Reached skill level 7 in Fire Magic
  8760 | D:6      | Reached ** piety under Ashenzari
  8968 | D:6      | Learned a level 4 spell: Iskenderun's Mystic Blast
  8975 | D:6      | Learned a level 6 spell: Starburst
  9196 | D:7      | Reached skill level 6 in Spellcasting
  9755 | D:7      | Reached skill level 10 in Fighting
 10022 | D:7      | Reached skill level 5 in Conjurations
 10187 | D:8      | Found a flagged portal.
 10198 | D:8      | Reached XP level 10. HP: 111/111 MP: 8/19
 10293 | Bailey   | Entered a bailey
 10298 | Bailey   | Noticed an orc warlord
 10298 | Bailey   | Identified a scroll of acquirement
 10298 | Bailey   | Identified the +2 morningstar of Karma {antimagic, *Slow
                  | rN+++ Str+3 Int+2}
 10490 | Bailey   | Noticed an orc knight
 10669 | D:8      | Found a hide-covered altar of Uskayaw.
 10726 | D:8      | Reached skill level 8 in Fire Magic
 10750 | D:8      | Found a runed translucent gate.
 10750 | D:8      | Found a runed translucent gate.
 10751 | D:8      | Found a runed translucent gate.
 10758 | D:8      | Noticed lotum's ghost (novice FoFi)
 11060 | D:8      | HP: 5/111 [yak (13)]
 11060 | D:8      | Slain by a troll

Vanquished Creatures
  Pikel (D:5)
  A wyvern (D:8)
  A yak (D:8)
  A steam dragon (D:8)
  Duvessa (D:5)
  A water moccasin (D:6)
  2 sky beasts (D:7)
  2 ice beasts
  2 orc warriors
  A black bear (D:8)
  2 ogres
  3 phantoms
  A centaur (D:7)
  2 lemures (D:5)
  2 kobold brigands
  Blork the orc (D:4)
  2 bullfrogs (D:8)
  A necrophage (D:5)
  2 scorpions
  4 wights (D:7)
  Dowan (D:5)
  4 quasits (D:6)
  4 hounds
  A jelly (D:6)
  2 gnoll boudas
  4 orc priests
  Ijyb (D:5)
  3 iguanas
  6 orc wizards
  An adder (D:6)
  14 gnolls
  3 shadow imps (D:6)
  4 white imps
  4 worms
  4 dart slugs
  25 orcs
  8 ball pythons
  8 endoplasms
  4 giant cockroaches
  12 goblins
  5 hobgoblins
  3 quokkas
  4 bats
  2 frilled lizards
  29 kobolds
  8 rats
197 creatures vanquished.

Vanquished Creatures (others)
  2 demonic plants (D:6)
  850 foxfires
  12 fungi (D:8)
  9 plants
873 creatures vanquished.

Grand Total: 1070 creatures vanquished

Table legend: (Time is in decaauts)
 A = Elapsed time spent in this place.
 B = Non-inter-level travel time spent in this place.
 C = Inter-level travel time spent in this place.
 D = Time resting spent in this place.
 E = Time spent auto-exploring this place.
 F = Levels seen in this place.
 G = Mean time per level.
                   A        B        C        D        E       F      G
               +--------+--------+--------+--------+--------+-----+--------+
         Total |  11043 |  10617 |    426 |   2378 |   6218 |   9 | 1227.0 |
       Dungeon |  10835 |  10409 |    426 |   2267 |   6197 |   8 | 1354.4 |
        Bailey |    207 |    207 |      0 |    111 |     21 |   1 |  207.0 |
               +--------+--------+--------+--------+--------+-----+--------+

Top non-repeatable levels by time:
     D:5: 2596 daAuts
     D:4: 1674 daAuts
     D:1: 1510 daAuts
     D:6: 1468 daAuts
     D:3: 1220 daAuts
     D:7: 1052 daAuts
     D:8: 664 daAuts
     D:2: 649 daAuts
  Bailey: 207 daAuts

Table legend:
 A = Non-vault XP
 B = Vault XP
 C = Vault XP percentage of total XP
 D = Non-vault monster count
 E = Vault monster count
 F = Vault count percentage of total count
                 A         B        C        D         E       F
            +---------+---------+-------+---------+---------+-------
      Total |    4012 |    1696 |  29.7 |     159 |      36 |  18.5
            +---------+---------+-------+---------+---------+-------
        D:1 |      32 |       0 |   0.0 |      17 |       0 |   0.0
        D:2 |      25 |       0 |   0.0 |      16 |       0 |   0.0
        D:3 |      93 |       0 |   0.0 |      20 |       0 |   0.0
        D:4 |     322 |      99 |  23.5 |      22 |       1 |   4.3
        D:5 |     883 |     901 |  50.5 |      21 |       4 |  16.0
        D:6 |     842 |     232 |  21.6 |      30 |       9 |  23.1
        D:7 |    1058 |       0 |   0.0 |      26 |       0 |   0.0
        D:8 |     757 |     309 |  29.0 |       7 |       7 |  50.0
     Bailey |       0 |     155 | 100.0 |       0 |      15 | 100.0
            +---------+---------+-------+---------+---------+-------
